 Dungeon Sprint DCSS version 0.28.0-53-g5a82cb258f (webtiles) character file.

Game seed: 12035104064300107924

33 Zeld the Conjurer (level 3, -2/19 HPs)
             Began as a Deep Elf Conjurer on June 6, 2022.
             Was a Believer of Sif Muna.
             Slain by a gnoll sergeant
             ... wielding a +0 trident
              (6 damage)
             ... in the Dungeon (Sprint VII: "The Pits").
             The game lasted 00:00:45 (444 turns).

Zeld the Conjurer (Deep Elf Conjurer)                Turns: 444, Time: 00:00:45

Health: -2/19      AC:  2    Str:  4    XL:     3   Next: 12%
Magic:  4/11       EV: 12    Int: 24    God:    Sif Muna [**....]
Gold:   0          SH:  0    Dex: 13    Spells: 9/12 levels left

rFire   . . .      SeeInvis .   (no weapon)
rCold   . . .      Faith    .   (no shield)
rNeg    . . .      Spirit   .   a - +0 robe
rPois   .          Reflect  .   (no helmet)
rElec   .          Harm     .   (no cloak)
rCorr   .          Rampage  .   (no gloves)
Will    .....      NoTele   +   (no boots)
Stlth   ++........              (no amulet)
HPRegen 0.06/turn               (no ring)
MPRegen 0.12/turn               (no ring)

@: no status effects
A: no striking features
a: Renounce Religion, Channel Magic


You were in the Dungeon.
You worshipped Sif Muna.
Sif Muna was pleased with you.
You visited 1 branch

Inventory:

Armour
 a - a +0 robe (worn)
Scrolls
 g - a scroll of blinking
 i - 5 scrolls of amnesia
 j - a scroll of summoning
Potions
 c - a potion of heal wounds
 d - a potion of haste
 e - 4 potions of magic
 f - 3 potions of berserk rage
 h - 2 potions of invisibility


   Skills:
 - Level 2.4 Dodging
 - Level 2.4 Stealth
 + Level 5.4 Spellcasting
 + Level 5.6 Conjurations
 - Level 2.0 Hexes
 - Level 2.0 Translocations
 * Level 2.9 Invocations


You had 9 spell levels left.
You knew the following spells:

 Your Spells              Type           Power      Damage    Failure   Level
a - Magic Dart            Conj           100%       1d8       1%          1
b - Searing Ray           Conj           66%        2d6       1%          2

Your spell library contained the following spells:

 Spells                   Type           Power      Damage    Failure   Level
 Dazzling Flash           Conj/Hex       48%        N/A       5%          3
 Fulminant Prism          Conj/Hex       12%        3d9       17%         4
 Iskenderun's Mystic Bla  Conj/Tloc      24%        2d7       17%         4


Dungeon Overview and Level Annotations

Branches:
Dungeon (1/1)

Altars:
Ashenzari
Cheibriados
Dithmenos
Elyvilon
Fedhas
Gozag
Hepliaklqana
Kikubaaqudgha
Makhleb
Nemelex Xobeh
Okawaru
Qazlal
Ru
Sif Muna
Trog
Uskayaw
Vehumet
Wu Jian
Xom
Yredelemnul
Zin
The Shining One
Beogh
Jiyva
Lugonu


Message History

Aim: a gnoll, wielding a +0 flail (82% to hit)
Okay, then.
Casting: Searing Ray (safe; 1% risk of failure)
Confirm with . or Enter, or press ? or * to list all spells.
Aiming: Searing Ray (safe; 1% risk of failure)
Press: ? - help, Shift-Dir - straight line, f - gnoll
Aim: a gnoll, wielding a +0 flail (82% to hit)
The searing ray misses the gnoll.
The searing ray hits the gnoll!
The gnoll is almost dead. (Press . to maintain the ray.) Unknown command.
The searing ray hits the gnoll!
The gnoll is heavily wounded.
The searing ray hits the gnoll.
You kill the gnoll!
Sif Muna accepts your kill. The gnoll hits you with a +0 club!
Ouch! That really hurt!
Your Spellcasting skill increases to level 5!
Your Invocations skill gained 2 levels and is now at level 2!
The searing ray hits the gnoll.
The gnoll is severely wounded.
The searing ray hits the gnoll sergeant.
The gnoll sergeant is lightly wounded.
The gnoll hits you with a +0 club.
* * * LOW HITPOINT WARNING * * *
Unknown command.
The searing ray hits the gnoll!
You kill the gnoll!
Sif Muna accepts your kill.
The searing ray hits the gnoll sergeant!
The gnoll sergeant is heavily wounded.
You finish channelling your searing ray.
The gnoll sergeant barely misses you.
You have reached level 3!
Your experience leads to an increase in your attributes!
Increase (S)trength, (I)ntelligence, or (D)exterity?
You feel clever. x2
The gnoll sergeant hits you from afar with a +0 trident.
You die...

#_________.#
#_________.#
#_______.†.###########++
##########'##...........
#.?(.')))'.##......#..#
##########.##..........
#...........'...........
#+#####'#####......#..#.
#.@)gg##...........
#####)#####'#####+
#.....##.......#
#.....##.......#
###g####.......# ....
#...<...# .gg....
#.......#
#...r...J##.......#
###########.......#


You could see a gnoll sergeant and a gnoll.

Vanquished Creatures
  2 gnolls (D)
  An adder (D)
  A ball python (D)
  A hobgoblin (D)
  A frilled lizard (D)
  A rat (D)
7 creatures vanquished.

Notes
Turn   | Place    | Note
-------+----------+-------------------------------------------
     0 | D        | Zeld the Deep Elf Conjurer began the quest for the Orb.
     0 | D        | Reached XP level 1. HP: 10/10 MP: 6/6
    15 | D        | Found a bloodstained altar of Trog.
    15 | D        | Found a shimmering blue altar of Sif Muna.
    15 | D        | Found a viscous altar of Jiyva.
    15 | D        | Found a hazy altar of Hepliaklqana.
    15 | D        | Found an opulent altar of Gozag.
    16 | D        | Found a glowing golden altar of the Shining One.
    16 | D        | Found a glowing silver altar of Zin.
    16 | D        | Found a basalt altar of Yredelemnul.
    16 | D        | Found a shimmering altar of Xom.
    16 | D        | Found an ornate altar of the Wu Jian Council.
    16 | D        | Found a sacrificial altar of Ru.
    16 | D        | Found a stormy altar of Qazlal.
    16 | D        | Found an iron altar of Okawaru.
    16 | D        | Found a sparkling altar of Nemelex Xobeh.
    16 | D        | Found a burning altar of Makhleb.
    16 | D        | Found a blossoming altar of Fedhas.
    16 | D        | Found a white marble altar of Elyvilon.
    16 | D        | Found a shadowy altar of Dithmenos.
    16 | D        | Found a snail-covered altar of Cheibriados.
    18 | D        | Found a corrupted altar of Lugonu.
    18 | D        | Found a radiant altar of Vehumet.
    19 | D        | Found an ancient bone altar of Kikubaaqudgha.
    19 | D        | Found a hide-covered altar of Uskayaw.
    19 | D        | Found a broken altar of Ashenzari.
    20 | D        | Became a worshipper of Sif Muna the Loreminder
    23 | D        | Reached skill level 1 in Hexes
    23 | D        | Reached skill level 1 in Translocations
   170 | D        | Reached * piety under Sif Muna
   245 | D        | Reached skill level 5 in Conjurations
   245 | D        | Reached XP level 2. HP: 12/15 MP: 0/9
   251 | D        | Learned a level 2 spell: Searing Ray
   434 | D        | Noticed a gnoll sergeant
   441 | D        | Reached ** piety under Sif Muna
   442 | D        | Reached skill level 5 in Spellcasting
   444 | D        | Reached XP level 3. HP: 4/19 MP: 4/11
   444 | D        | Slain by a gnoll sergeant

Illustrated notes

Levels and vault maps discovered:
D:        pitsprint [storerooms_1, entrance_room_1, metal_vault_3, armoury_2,
          mini_pit_1, grid_room_1, main_hall_1, silver_pit, the_coven_3,
          the_vestibule_1, steel_vault_2, golden_pit, hallway_of_sentries,
          crystal_vault_2, iron_vault_4, final_vault]

Skill      XL: |  1  2 |
---------------+-------+-----
Hexes          | 2 |  2.0
Translocations | 2 |  2.0
Spellcasting   | 4 5 |  5.4
Conjurations   | 5 |  5.6
Invocations    | 2 |  2.9
Dodging        | |  2.4
Stealth        | |  2.4

Action                   || total
-------------------------++-------
Melee: Unarmed           ||     2
 Cast: Magic Dart        ||     9
       Searing Ray       ||     1
  Use: Potion            ||     1
Armor: Robe              ||     2
Dodge: Dodged            ||     8
